 Dungeon Crawl Stone Soup version 0.20.1-1-g8b1a95d66d (webtiles) character file.

345 Alannah the Sneak (level 6, 0/41 HPs)
             Began as a Demonspawn Wizard on Dec 21, 2017.
             Was an Initiate of Sif Muna.
             Slain by an orc
             ... wielding a +0 trident
              (5 damage)
             ... on level 5 of the Dungeon.
             The game lasted 00:32:27 (5435 turns).

Alannah the Sneak (Demonspawn Wizard)               Turns: 5435, Time: 00:32:28

Health: 0/41       AC: 13    Str:  8    XL:     6   Next: 32%
Magic:  2/11       EV: 13    Int: 22    God:    Sif Muna [......]
Gold:   277        SH:  0    Dex: 19    Spells: 3/11 levels left

rFire    . . .     SeeInvis .   y - +6 dagger of Theory {protect, Int+2 Dex+4}
rCold    + . .     Gourm    .   (no shield)
rNeg     . . .     Faith    .   w - +3 leather armour "Besyatsiza" {rPois rC+ Dex+3}
rPois    +         Spirit   .   b - +0 hat
rElec    .         Reflect  .   (no cloak)
rCorr    +         Harm     .   (no gloves)
MR       .....                  (no boots)
Stlth    +++.......             (no amulet)
Regen    0.2/turn               s - ring of flight
MPRegen  0.2/turn               v - ring of resist corrosion (curse)

@: protection aura, very slightly contaminated
A: claws 1, sturdy frame 2
a: Renounce Religion, Evoke Flight


You were on level 5 of the Dungeon.
You worshipped Sif Muna.
Sif Muna was noncommittal.
You were hungry.

You visited 2 branches of the dungeon, and saw 6 of its levels.

You collected 277 gold pieces.

Inventory:

Hand Weapons
 f - a +2 dagger of venom
 y - the +6 dagger of Theory (weapon) {protect, Int+2 Dex+4}
   (You found it on level 5 of the Dungeon)

   It protects the one who uses it against injury (+AC on strike).
   It affects your intelligence (+2).
   It affects your dexterity (+4).
Armour
 b - a +0 hat (worn)
 w - the +3 leather armour "Besyatsiza" (worn) {rPois rC+ Dex+3}
   (You found it on level 5 of the Dungeon)

   It affects your dexterity (+3).
   It protects you from cold.
   It protects you from poison.
Jewellery
 k - an uncursed ring of poison resistance
 s - a ring of flight (left claw)
 v - a cursed ring of resist corrosion (right claw)
Wands
 a - a wand of lightning (5/15)
Scrolls
 e - 4 scrolls of teleportation {unknown}
 i - 6 scrolls of remove curse {unknown}
 l - 2 scrolls of magic mapping {unknown}
 m - a scroll of amnesia {unknown}
 n - a scroll of random uselessness {unknown}
 o - a scroll of recharging {unknown}
 q - 2 scrolls of identify {unknown}
 t - a scroll of enchant weapon {unknown}
 D - a scroll of fear {unknown}
Potions
 h - 2 potions of lignification {unknown}
 j - a potion of heal wounds {unknown}
 p - 3 potions of might {unknown}
 u - a potion of ambrosia {unknown}
 x - 2 potions of flight {unknown}
 z - a potion of degeneration {unknown}
 A - 2 potions of agility {unknown}
 B - a potion of brilliance {unknown}
 C - a potion of curing {unknown}
 F - 2 potions of berserk rage {unknown}
Books
 c - a book of Minor Magic

   Spells                             Type                      Level
   a - Magic Dart                     Conjuration                  1
   b - Blink                          Translocation                2
   c - Call Imp                       Summoning                    2
   d - Slow                           Hexes                        2
   e - Conjure Flame                  Conjuration/Fire             3
   f - Mephitic Cloud                 Conjuration/Poison/Air       3
Comestibles
 d - 5 bread rations
 g - 2 meat rations
 r - 4 fruits
 E - a royal jelly


   Skills:
 - Level 0.2 Fighting
 - Level 2.0 Dodging
 + Level 4.3 Stealth
 + Level 3.3 Spellcasting
 - Level 4.0 Conjurations
 * Level 1.3 Hexes
   Level 1.0 Summonings
 - Level 1.3 Translocations


You had 3 spell levels left.
You knew the following spells:

 Your Spells              Type           Power        Failure   Level  Hunger
a - Magic Dart            Conj           ###.         2%          1    None
b - Slow                  Hex            #.......     11%         2    ##.....
c - Blink                 Tloc           N/A          11%         2    ##.....
d - Conjure Flame         Conj/Fire      ##......     16%         3    ###....


Dungeon Overview and Level Annotations

Branches:
Dungeon (5/15)             Temple (1/1) D:5

Altars:
Ashenzari
Cheibriados
Dithmenos
Elyvilon
Fedhas
Gozag
Hepliaklqana
Kikubaaqudgha
Makhleb
Nemelex Xobeh
Okawaru
Qazlal
Ru
Sif Muna
Trog
Uskayaw
Vehumet
Xom
Yredelemnul
Zin
The Shining One

Shops:
D:5 *

Annotations:
D:2 exclusion: oklob plant


Innate Abilities, Weirdness & Mutations

You have sharp fingernails.
Your movements are less encumbered by armour. (ER -4)


Message History

You hit something. The orc misses you.
You hear some strange, mumbled words.
A puff of flame appears from out of thin air!
The puff of flame hits you!
* * * LOW HITPOINT WARNING * * *
The orc hits you but does no damage.
You miss something. Something hits you but does no damage.
The orc closely misses you. The orc barely misses you.
You closely miss the orc.
The orc is severely wounded.
Something hits you but does no damage. The orc misses you.
The orc completely misses you.
You hit the orc.
The orc is almost dead.
You hear some strange, mumbled words.
A puff of flame appears from out of thin air!
The puff of flame hits you!
* * * LOW HITPOINT WARNING * * *
The orc hits you from afar with a trident.
You die...

.....................####....
............................ ...
............................ ...
..[....................#######...
...........................#.....
......................o.........#
...............o....o..o.......#
<............###o###..........##
.............#.{@).#..........##
.............#.....#...........#
.............#..∩..########....##
.............#.....# ###...#
...........>.#.....# #...#
.............####### #...#
................# ##...#
..........##...## #...##
..........###### ##..##


You could see 2 orcs.

Vanquished Creatures
  An ogre (D:4)
  2 crimson imps
  An iguana (D:4)
  6 adders
  A shadow imp (D:5)
  An ooze (D:5)
  A worm (D:4)
  5 dart slugs
  4 leopard geckos
  2 orcs (D:5)
  A ball python (D:2)
  11 bats
  5 giant cockroaches
  8 hobgoblins
  10 jackals
  4 quokkas
  6 frilled lizards
  6 goblins
  5 kobolds
  8 rats
88 creatures vanquished.

Vanquished Creatures (others)
  An orc (D:5)
1 creature vanquished.

Grand Total: 89 creatures vanquished

Notes
Turn   | Place    | Note
-------+----------+-------------------------------------------
     0 | D:1      | Alannah the Demonspawn Wizard began the quest for the Orb.
     0 | D:1      | Reached XP level 1. HP: 13/13 MP: 4/4
   270 | D:1      | Gained mutation: Your movements are slightly less encumbered by armour. (ER -2) [demonic ancestry]
   270 | D:1      | Reached XP level 2. HP: 19/19 MP: 1/6
   331 | D:1      | Learned a level 2 spell: Slow
   334 | D:1      | Learned a level 2 spell: Blink
   584 | D:1      | Reached skill level 1 in Translocations
  1283 | D:2      | Reached XP level 3. HP: 24/24 MP: 2/7
  1771 | D:2      | Found a blossoming altar of Fedhas.
  1861 | D:2      | Noticed an oklob plant
  2284 | D:3      | Gained mutation: You have sharp fingernails. [demonic ancestry]
  2284 | D:3      | Reached XP level 4. HP: 30/30 MP: 5/8
  2934 | D:3      | Learned a level 3 spell: Conjure Flame
  3272 | D:4      | Noticed an ogre
  3795 | D:4      | Gained mutation: Your movements are less encumbered by armour. (ER -4) [demonic ancestry]
  3795 | D:4      | Reached XP level 5. HP: 28/35 MP: 2/9
  4031 | D:4      | Killed an ogre
  4031 | D:4      | Reached XP level 6. HP: 41/41 MP: 0/10
  4295 | D:5      | Entered Level 5 of the Dungeon
  4297 | D:5      | Got a pitted leather armour
  4308 | D:5      | Identified the +3 leather armour "Besyatsiza" {rPois rC+ Dex+3} (You found it on level 5 of the Dungeon)
  4598 | D:5      | Got a transparent dagger
  4599 | D:5      | Identified the +6 dagger of Theory {protect, Int+2 Dex+4} (You found it on level 5 of the Dungeon)
  4688 | D:5      | Found a staircase to the Ecumenical Temple.
  4697 | Temple   | Entered the Ecumenical Temple
  4704 | Temple   | Became a worshipper of Sif Muna the Loreminder
  5202 | D:5      | Reached skill level 1 in Hexes
  5395 | D:5      | Found Huadwopu's Assorted Antiques.
  5435 | D:5      | Slain by an orc

Skill      XL: |  1  2  3  4  5  6 |
---------------+-------------------+-----
Stealth        | 2 3 4 |  4.3
Dodging        | 2 |  2.0
Translocations | 1 |  1.3
Conjurations   | 2 3 4 |  4.0
Hexes          | 1 |  1.3
Fighting       | |  0.2
Spellcasting   | |  3.3
Summonings     | |  1.0

Action                   |  1- 3 |  4- 6 || total
-------------------------+-------+-------++-------
Melee: Unarmed           |    17 |       ||    17
       Dagger            |    39 |   103 ||   142
 Cast: Magic Dart        |    82 |   131 ||   213
       Slow              |       |     3 ||     3
       Conjure Flame     |       |     4 ||     4
  Eat: Chunk             |     3 |    10 ||    13
       Fruit             |       |     1 ||     1
Armor: Robe              |     8 |       ||     8
       Leather armour    |     1 |    48 ||    49
Dodge: Dodged            |    36 |    63 ||    99
